cohdb
Replays
Latest Replays
All Replays
Popular Replays
Top Player Replays
Match Explorer
How It Works
Community
CoH3 Stats
Reddit
Sign in to upload your games and track your stats! →
Sign in with Steam
Match 43040916
Unlisted
Match 43040916
Overview
Messages
Build Orders
End
Royal Engineer Section
Construct Section Command Post
Infantry Section
Infantry Section
Infantry Section
Infantry Section
Construct Platoon Command Post
Infantry Training
Selects Indian Artillery Battlegroup
Selects Valour
CMP 15cwt Truck
Selects Gurkha Rifles Section
6-pounder Anti-tank Gun Team
Gurkha Rifles Section
Selects Artillery Saturation
6-pounder Anti-tank Gun Team
Selects Pillage
Team Weapon Training
Construct Company Command Post
Selects Off-map Airburst Barrage
Off-map Airburst Barrage
Grenade Package
Royal Engineer Section
Crusader II Medium Tank
Selects Perimeter Monitor
Darbesky
Snax254
Mrs Bean
AnryyY
0
0
Comments
sign in to comment!
No comments posted yet!